AoeStats
← Rahdwiin

Glade

510327282Analyzed
1v1 RM · 1d ago on Sep 30, 2026· 16m 32s· 2 players
Game mode
Random Map
Map size
Tiny (2 player)
Population
200
Speed
Normal
Resources
Standard
Victory
Conquest
Starting age
Dark Age
Ending age
Imperial Age
RankedLock teamsTeams togetherTeam positionsShared explorationLock speedFull tech treeHidden civsTurbo modeCheats
Victory
Defeat
🇧🇷 Danes · Brazil
477
+7
🇷🇴 Franks · Romania
247
-7
un.muntean
12:35 Feudal Age
15:06 Double-Bit Axe
Rahdwiin
9:13 Feudal Age
9:54 Double-Bit Axe
9:36 Man-at-Arms
11:04 Arson
11:42 Horse Collar
14:16 Forging
15:19 Scale Barding Armor
15:27 Scale Mail Armor
Connection lost

Rejoining the realm…

Still unreachable

The connection could not be restored.

Session expired

The server has moved on; the page needs a fresh start.